 Dungeon Crawl Stone Soup version 0.29.1-2-gbd0b4ee654 (webtiles) character file.

Game seed: 1531433244193558449

120 funnyparkerb the Skirmisher (level 5, -2/31 HPs)
             Began as a Kobold Hunter on Nov 17, 2022.
             Slain by Pargi (8 damage)
             ... in a sewer.
             The game lasted 00:04:48 (2460 turns).

funnyparkerb the Skirmisher (Kobold Hunter)         Turns: 2460, Time: 00:04:48

Health: -2/31      AC:  4    Str:  9    XL:     5   Next: 25%
Magic:  5/5        EV: 14    Int: 10    God:
Gold:   74         SH:  0    Dex: 20    Spells: 4/4 levels left

rFire   + . .      SeeInvis .   a - +0 shortbow
rCold   + . .      Faith    .   (shield currently unavailable)
rNeg    . . .      Spirit   .   c - +0 leather armour
rPois   .          Reflect  .   h - +0 helmet
rElec   .          Harm     .   j - scarf {rC+ rF+}
rCorr   .          Rampage  .   (no gloves)
Will    .....                   (no boots)
Stlth   +++.......              (no amulet)
HPRegen 0.10/turn               (no ring)
MPRegen 0.09/turn               (no ring)

@: hasted, very quick
A: small, no large weapons, nightstalker 3
a: no special abilities


You were in a sewer.
You visited 1 branch of the dungeon, and saw 3 of its levels.
You also visited: Sewer.

You collected 74 gold pieces.

Inventory:

Hand Weapons
 a - a +0 shortbow (weapon)
Missiles
 i - 3 atropa-tipped darts
Armour
 c - a +0 leather armour (worn)
 h - a +0 helmet (worn)
 j - a scarf of resistance (worn)
Scrolls
 b - a scroll of immolation
 d - a scroll of enchant armour {unknown}
 e - 3 scrolls of identify {unknown}
 f - a scroll of butterflies {unknown}
 g - a scroll of teleportation {unknown}
Potions
 k - a potion of haste


   Skills:
 + Level 2.3 Fighting
 + Level 8.0 Ranged Weapons
 + Level 2.5 Dodging
 - Level 1.3 Stealth


You had 4 spell levels left.
You didn't know any spells.
Your spell library contained the following spells:

 Spells                   Type           Power      Damage    Failure   Level
 Conjure Flame            Conj/Fire      0%         6-21      85%         3
 Ignite Poison            Fire/Tmut/Pois 0%         N/A       85%         3
 Sticky Flame             Conj/Fire      0%         2d3       99%         4


Dungeon Overview and Level Annotations

Branches:
Dungeon (3/15)              Sewer (1/1)

Altars:
Kikubaaqudgha

Annotations:
Sewer Pargi


Innate Abilities, Weirdness & Mutations

You are small and have problems with some larger weapons.
You are completely attuned to the shadows.


Message History

Pargi claws himself.
Pargi seems less confused.
Pargi is attracted toward you. Pargi is attracted toward you.
Pargi is attracted toward you.
Pargi is no longer blind.
You enter the shallow water.
Moving in this stuff is going to be slow.
Pargi barely misses you. Pargi misses you. Pargi completely misses you.
Pargi closely misses you. Pargi misses you. Pargi barely misses you.
Pargi attacks as you move away! Pargi barely misses you. Pargi misses you.
Pargi claws you but does no damage. Pargi is attracted toward you.
You see here an atropa-tipped dart.
i - an atropa-tipped dart Pargi is attracted toward you.
Your extra speed is starting to run out.
You see here 2 atropa-tipped darts.
i - 3 atropa-tipped darts (gained 2) Throw: 3 darts (atropa)
Press: ? - help, Shift-Dir - straight line, f/p - Pargi
Aim: Pargi (56% to hit, chance to blind on hit: 41%)
Okay, then.
Sorry, you're not good enough to have a special ability.
Pargi looks around nervously.
You feel less attractive to monsters.
You open the door.
A kobold comes into view.
It is wielding a +0 club and quivering poisoned darts.
Pargi bites you. Pargi claws you. Pargi claws you but does no damage.
Found a scroll labelled WOQORR WOPLOQI.
You close the door.
You open the door.
You feel yourself slow down.
Found a falchion.
There is an open door here.
Pargi bites you.
* * * LOW HITPOINT WARNING * * *
Pargi barely misses you. Pargi claws you.
* * * LOW HITPOINT WARNING * * *
You feel yourself speed up. Pargi bites you!
You die...

##.~≈~.####
#.~≈~.####
+.~≈~.'..#
#.~≈~.####
#.~≈~.#
+.~≈~.+K?#
#.~≈~.####
#.~≈~T####
+.~≈~@'.)#
##########
#~≈~# #~≈~
#~≈~


You could see Pargi.

Vanquished Creatures
  An orc wizard (D:3)
  5 adders
  A dart slug (D:1)
  An orc (D:3)
  6 ball pythons
  4 bats
  An endoplasm (D:1)
  6 giant cockroaches
  3 goblins (D:1)
  6 hobgoblins
  2 quokkas (D:1)
  A frilled lizard (D:2)
  4 kobolds
  8 rats
49 creatures vanquished.

Notes
Turn   | Place    | Note
-------+----------+-------------------------------------------
     0 | D:1      | funnyparkerb the Kobold Hunter began the quest for the Orb.
     0 | D:1      | Reached XP level 1. HP: 12/12 MP: 1/1
   436 | D:1      | Reached XP level 2. HP: 17/17 MP: 2/2
   456 | D:1      | Reached skill level 6 in Ranged Weapons
   929 | D:1      | Reached XP level 3. HP: 21/21 MP: 3/3
  1859 | D:2      | Reached skill level 7 in Ranged Weapons
  1859 | D:2      | Reached XP level 4. HP: 26/26 MP: 4/4
  2151 | D:3      | Found an ancient bone altar of Kikubaaqudgha.
  2200 | D:3      | Reached XP level 5. HP: 25/30 MP: 5/5
  2258 | D:3      | Reached skill level 8 in Ranged Weapons
  2269 | D:3      | Found a glowing drain.
  2352 | Sewer    | Entered a sewer
  2395 | Sewer    | Noticed Pargi
  2460 | Sewer    | Slain by Pargi

Illustrated notes

Levels and vault maps discovered:
D:1:      ncdulo_halloftheorcs, layout_basic, nicolae_figureground_pulse
D:2:      layout_basic, serial_curves, eino_curves_03, eino_curves_02,
          eino_curves_01
D:3:      layout_loops_corners, lemuel_round_altar, mainiacjoe_overflow_paths,
          portal_sewer_entry_e, minmay_fractal_squares_5
Sewer:    kennysheep_door_sewer

Skill      XL: |  1  2  3  4  5 |
---------------+----------------+-----
Ranged Weapons | 6 7 8 |  8.0
Fighting       | |  2.3
Dodging        | |  2.5
Stealth        | |  1.3

Action                   |  1- 3 |  4- 6 || total
-------------------------+-------+-------++-------
 Fire: Shortbow          |    92 |    43 ||   135
Throw: Dart              |       |     8 ||     8
  Use: Potion            |       |     6 ||     6
Armor: Leather armour    |    15 |    15 ||    30
Dodge: Dodged            |    43 |    49 ||    92
